 Dungeon Crawl Stone Soup version 0.29-a0-577-gafbf2c5d25 (webtiles) character file.

Game seed: 3050544322801256750

46 DocClef the Sneak (level 3, -8/31 HPs)
             Began as a Draconian Delver on June 13, 2022.
             Was an Initiate of Okawaru.
             Mangled by a worm (10 damage)
             ... on level 3 of the Dungeon.
             The game lasted 00:00:36 (709 turns).

DocClef the Sneak (Draconian Delver)                 Turns: 709, Time: 00:00:37

Health: -8/31      AC:  5    Str: 14    XL:     3   Next: 44%
Magic:  3/3        EV: 12    Int: 10    God:    Okawaru [......]
Gold:   43         SH:  0    Dex: 14    Spells: 2/2 levels left

rFire   . . .      SeeInvis .   a - +0 short sword
rCold   . . .      Faith    .   (no shield)
rNeg    . . .      Spirit   .   (body armour unavailable)
rPois   .          Reflect  .   (helmet restricted)
rElec   .          Harm     .   (no cloak)
rCorr   .          Rampage  .   (no gloves)
Will    .....                   (no boots)
Stlth   +++.......              (no amulet)
HPRegen 0.10/turn               (no ring)
MPRegen 0.08/turn               (no ring)

@: lethally poisoned (-8 -> -10)
A: AC +5, unfitting armour, cold-blooded
a: Renounce Religion


You were on level 3 of the Dungeon.
You worshipped Okawaru.
Okawaru was noncommittal.
You visited 1 branch of the dungeon, and saw 3 of its levels.

You collected 43 gold pieces.

Inventory:

Hand Weapons
 a - a +0 short sword (weapon)
Wands
 f - a wand of digging (3)
Scrolls
 b - a scroll of fog
 c - a scroll of magic mapping
 d - 2 scrolls of fear
 g - a scroll of identify {unknown}
 h - a scroll of teleportation {unknown}
 i - a scroll of summoning {unknown}
 j - a scroll of noise {unknown}
Potions
 e - a potion of haste


   Skills:
 + Level 3.6 Fighting
 + Level 2.3 Short Blades
 + Level 1.9 Dodging
 + Level 5.3 Stealth


You had 2 spell levels left.
You didn't know any spells.
Your spell library was empty.

Dungeon Overview and Level Annotations

Branches:
Dungeon (5/15)
 Temple: D:4-7

Altars:
Fedhas
Gozag
Okawaru
Qazlal
Ru
Wu Jian


Innate Abilities, Weirdness & Mutations

Your plain brown scales are hard. (AC +5)
You cannot fit into any form of body armour.
You are cold-blooded and may be slowed by cold attacks.


Message History

Unknown command.
You feel sick. The adder attacks as you move away!
The adder closely misses you.
You feel sick.
You hit the adder.
Your tail-slap misses the adder.
The adder is lightly wounded.
You feel sick. The adder bites you. The adder misses you.
You hit the adder.
Your tail-slap misses the adder.
The adder is heavily wounded.
You feel sick. The adder bites you but does no damage.
You closely miss the adder.
Your tail-slap misses the adder.
The adder is heavily wounded.
You feel sick. The adder bites you.
* * * LOW HITPOINT WARNING * * *
You are lethally poisoned!
The adder poisons you!
You hit the adder.
You tail-slap the adder, but do no damage.
The adder is almost dead.
* * * LOW HITPOINT WARNING * * *
You feel sick. The adder bites you but does no damage.
The adder closely misses you.
You hit the adder.
You kill the adder!
Okawaru accepts your kill.
* * * LOW HITPOINT WARNING * * *
You feel sick.
You hit the worm.
The worm is heavily wounded.
* * * LOW HITPOINT WARNING * * *
You feel sick.
You hit the worm.
The worm is heavily wounded.
* * * LOW HITPOINT WARNING * * *
You feel sick. The worm barely misses you.
You hit the worm.
The worm is almost dead.
* * * LOW HITPOINT WARNING * * *
You feel sick. The worm bites you!
You die...

..................
..............^.# .....
................# ....
................# ...
......#...#....## ..
......#####....####.###
......................#
.######........###....#
. ..........'@w....+ #
##........###....#
#+#....... .........
........######.....
.........+ .....
.........# ....
......... ... .........
...


You could see a worm.

Vanquished Creatures
  An iguana (D:5)
  2 adders (D:3)
  An endoplasm (D:3)
  A frilled lizard (D:3)
5 creatures vanquished.

Notes
Turn   | Place    | Note
-------+----------+-------------------------------------------
     0 | D:5      | DocClef the Draconian Delver began the quest for the Orb.
     0 | D:5      | Reached XP level 1. HP: 19/19 MP: 1/1
   218 | D:5      | Noticed an iguana
   239 | D:5      | Killed an iguana
   240 | D:5      | Reached skill level 5 in Stealth
   240 | D:5      | Reached XP level 2. HP: 4/26 MP: 2/2
   509 | D:5      | Noticed an ogre
   521 | D:4      | Noticed a sky beast
   561 | D:3      | Found a blossoming altar of Fedhas.
   563 | D:3      | Found an opulent altar of Gozag.
   563 | D:3      | Found an ornate altar of the Wu Jian Council.
   568 | D:3      | Found a stormy altar of Qazlal.
   568 | D:3      | Found a sacrificial altar of Ru.
   569 | D:3      | Found an iron altar of Okawaru.
   577 | D:3      | Became a worshipper of Warmaster Okawaru
   589 | D:3      | Reached XP level 3. HP: 25/31 MP: 3/3
   709 | D:3      | Mangled by a worm

Illustrated notes

Levels and vault maps discovered:
D:3:      layout_basic, chequers_temple_overflow_statue_of_worship,
          grunt_temple_overflow_open, st_stairs_12, eino_tiny_chamber,
          minmay_curled_crystal
D:4:      layout_rooms
D:5:      layout_layer_cave, minmay_temple_entry_crystal_x

Skill      XL: |  1 |
---------------+----+-----
Stealth        | 5 |  5.3
Fighting       | |  3.6
Short Blades   | |  2.3
Dodging        | |  1.9

Action                   || total
-------------------------++-------
Melee: Short sword       ||    44
       Tailslap          ||     5
Armor: Skin              ||     7
Dodge: Dodged            ||    31

Table legend: (Time is in decaauts)
 A = Elapsed time spent in this place.
 B = Non-inter-level travel time spent in this place.
 C = Inter-level travel time spent in this place.
 D = Time resting spent in this place.
 E = Time spent auto-exploring this place.
 F = Levels seen in this place.
 G = Mean time per level.
                   A        B        C        D        E       F      G
               +--------+--------+--------+--------+--------+-----+--------+
         Total |    708 |    708 |      0 |      0 |    594 |   3 |  236.0 |
       Dungeon |    708 |    708 |      0 |      0 |    594 |   3 |  236.0 |
               +--------+--------+--------+--------+--------+-----+--------+

Top non-repeatable levels by time:
     D:5: 516 daAuts
     D:3: 176 daAuts
     D:4: 15 daAuts
